 Dungeon Sprint DCSS version 0.29.1-2-gbd0b4ee654 (webtiles) character file.

Game seed: 9756916713565616997

1890 Groucho the Unseen (level 8, 0/43 HPs)
             Began as a Spriggan Enchanter on Nov 21, 2022.
             Slain by a hornet (9 damage)
             ... in the Dungeon (Sprint II: "The Violet Keep of Menkaure").
             The game lasted 00:05:56 (661 turns).

Groucho the Unseen (Spriggan Enchanter)              Turns: 661, Time: 00:05:56

Health: 0/43       AC:  3    Str:  6    XL:     8   Next: 92%
Magic:  22/24      EV: 22    Int: 16    God:
Gold:   542        SH:  0    Dex: 16    Spells: 19/30 levels left

rFire   . . .      SeeInvis +   a - +1 dagger
rCold   . . .      Faith    .   (no shield)
rNeg    . . .      Spirit   .   e - +1 robe of Ciynio {+Blink rElec}
rPois   .          Reflect  .   (helmet restricted)
rElec   +          Harm     .   (no cloak)
rCorr   .          Rampage  .   (gloves unavailable)
Will    +....      NoTele   +   (boots unavailable)
Stlth   ++++++....              (no amulet)
HPRegen 0.14/turn               (no ring)
MPRegen 0.19/turn               (no ring)

@: lethally poisoned (0 -> -3), slowed, invisible, quick
A: very small, no large weapons, unfitting armour, see invisible, speed 3
a: Evoke Blink


You were in the Dungeon.
You visited 1 branch You collected 972 gold pieces.
You spent 430 gold pieces at shops.

Inventory:

Hand Weapons
 a - a +1 dagger (weapon)
Armour
 b - the +1 robe of the Journeyman {rPois rC- rN+ Stlth+}
   (You bought it in a shop in the Dungeon)

   rC:        It makes you vulnerable to cold.
   rPois:     It protects you from poison.
   rN:        It protects you from negative energy.
   Stlth:     It makes you more stealthy.
 e - the +1 robe of Ciynio (worn) {+Blink rElec}
   (You bought it in a shop in the Dungeon)

   rElec:     It insulates you from electricity.
   +Blink:    It lets you blink.
Scrolls
 i - a scroll of blinking
Potions
 c - a potion of invisibility
 g - 2 potions of magic
 h - a potion of berserk rage


   Skills:
 + Level 5.0 Fighting
 + Level 6.7 Short Blades
 + Level 8.5 Dodging
 - Level 16.3 Stealth
 + Level 11.8 Spellcasting
 + Level 12.0 Hexes


You had 19 spell levels left.
You knew the following spells:

 Your Spells              Type           Power      Damage    Failure   Level
a - Ensorcelled Hibernat  Hex/Ice        56%        N/A       1%          2
b - Confusing Touch       Hex            48%        N/A       1%          3
c - Dazzling Flash        Conj/Hex       56%        N/A       1%          3
d - Tukima's Dance        Hex            48%        N/A       1%          3

Your spell library contained the following spells:

 Spells                   Type           Power      Damage    Failure   Level


Dungeon Overview and Level Annotations

Branches:
Dungeon (1/1)

Altars:
Dithmenos
Elyvilon
Fedhas
Gozag
Kikubaaqudgha
Makhleb
Nemelex Xobeh
Okawaru
Qazlal
Ru
Sif Muna
Trog
Uskayaw
Vehumet
Wu Jian
Xom
Yredelemnul
Zin
The Shining One
Jiyva
Lugonu

Shops:
D :=[([?=*[*:!!(?

Annotations:
D exclusion: oklob plant


Innate Abilities, Weirdness & Mutations

You are very small and have problems with some larger weapons.
You are too small for most types of armour.
You have supernaturally acute eyesight. (SInv)
You cover ground extremely quickly. (Speed+++)


Message History

You barely miss the yaktaur.
The yaktaur is lightly wounded.
The yaktaur misses you.
You barely miss the yaktaur.
The yaktaur is lightly wounded.
The yaktaur completely misses you.
You hit the yaktaur but do no damage.
The yaktaur is lightly wounded.
You catch the helpless polar bear completely off-guard!
You skewer the polar bear like a kebab!!!
You kill the polar bear!
The yaktaur closely misses you.
The hornet buzzes angrily.
Your Dodging skill increases to level 8!
You catch the helpless yaktaur completely off-guard!
You stick the yaktaur like a pincushion!!!
The yaktaur is almost dead.
The hornet barely misses you. The yaktaur barely misses you.
You hit the yaktaur.
You kill the yaktaur!
The hornet stings you!
You are poisoned.
You feel yourself slow down.
Your Fighting skill increases to level 5!
Your Hexes skill increases to level 12!
Okay, then.
You hit the hornet.
The hornet is lightly wounded.
You feel very sick. The hornet misses you. x2
You closely miss the hornet.
The hornet is lightly wounded.
You feel sick. The hornet misses you.
Casting: Confusing Touch (safe; 1% risk of failure)
Confirm with . or Enter, or press ? or * to list all spells.
Aiming: Ensorcelled Hibernation (safe; 1% risk of failure)
Press: ? - help, Shift-Dir - straight line, f - hornet
Aim: a hornet (lightly wounded, unable to see you, chance to affect: 50%)
The hornet resists with some effort.
You feel sick. The hornet stings you!
You die...

++ .. ##.. #. .##.####
+^### ..# ...# ...####
.####..## #^.##$#
###.##..# +..#.h#
##..##..# #.^#y)#
.'##.'..####..##@#
##..##....###.^.##▓▓
###.##....§.~~~~~~~~~~~
.####~~.†...~#+########
..#~~~§§~~..~#..._._._#
.##§~~~~§§§.~#_._._._.#
##~§§≈§≈~~§~~#._._._._#
~~§~~≈≈§≈§~~#_._._._.#
++#~§≈≈≈≈§§§#._._._..#


You could see a polar bear (wandering, unable to see you) and a hornet (unable
to see you).

Vanquished Creatures
  A merfolk siren (D)
  A yaktaur (D)
  2 polar bears (D)
  2 wyverns (D)
  Menkaure (D)
  A water moccasin (D)
  4 necrophages (D)
  4 scorpions (D)
16 creatures vanquished.

Vanquished Creatures (others)
  A water moccasin (D)
1 creature vanquished.

Grand Total: 17 creatures vanquished

Notes
Turn   | Place    | Note
-------+----------+-------------------------------------------
     0 | D        | Groucho the Spriggan Enchanter began the quest for the Orb.
     0 | D        | Reached XP level 1. HP: 9/9 MP: 5/5
     3 | D        | Noticed a wyvern
     3 | D        | Noticed a wyvern
     6 | D        | Noticed a merfolk siren
     9 | D        | Noticed a scorpion
     9 | D        | Noticed a scorpion
     9 | D        | Noticed a scorpion
     9 | D        | Noticed a scorpion
    12 | D        | Killed a scorpion
    13 | D        | Reached skill level 9 in Stealth
    13 | D        | Reached skill level 5 in Spellcasting
    13 | D        | Reached skill level 5 in Hexes
    13 | D        | Reached XP level 2. HP: 13/13 MP: 6/9
    13 | D        | Reached XP level 3. HP: 16/16 MP: 6/10
    13 | D        | Killed a scorpion
    14 | D        | Reached skill level 11 in Stealth
    14 | D        | Reached XP level 4. HP: 21/21 MP: 7/13
    16 | D        | Killed a scorpion
    17 | D        | Reached skill level 12 in Stealth
    17 | D        | Reached XP level 5. HP: 24/24 MP: 7/15
    19 | D        | Reached skill level 13 in Stealth
    27 | D        | Reached skill level 14 in Stealth
    27 | D        | Reached XP level 6. HP: 28/28 MP: 7/18
    32 | D        | Reached skill level 15 in Stealth
    34 | D        | Reached skill level 16 in Stealth
    40 | D        | Killed a wyvern
    41 | D        | Reached skill level 1 in Fighting
    41 | D        | Reached skill level 10 in Hexes
    41 | D        | Reached XP level 7. HP: 34/34 MP: 9/21
    43 | D        | Killed a wyvern
    44 | D        | Reached skill level 5 in Dodging
    44 | D        | Reached skill level 10 in Spellcasting
    51 | D        | Killed a merfolk siren
    52 | D        | Reached XP level 8. HP: 40/40 MP: 9/23
    82 | D        | Found Etwoqi's Armour Boutique.
    82 | D        | Found Zopah's Assorted Antiques.
    82 | D        | Found Kiuvics's Book Shop.
    82 | D        | Found Qoenoal's Antique Weapon Shop.
    82 | D        | Found Wouxag's Jewellery Boutique.
    83 | D        | Found Gonloi's Magic Scroll Shop.
    83 | D        | Found Leotiyrr's Distillery.
    83 | D        | Found Rami's Distillery.
    83 | D        | Found Jecoblal's Magic Scroll Boutique.
    83 | D        | Found Fazedete's Antique Armour Shop.
    83 | D        | Found Woash's Weapon Boutique.
    86 | D        | Found Bamiat's General Store.
    86 | D        | Found Ollaeru's Antique Armour Shop.
    86 | D        | Found Guyjaubba's Jewellery Boutique.
    86 | D        | Noticed a shining eye
    86 | D        | Noticed a shining eye
   105 | D        | Learned a level 2 spell: Ensorcelled Hibernation
   109 | D        | Learned a level 3 spell: Confusing Touch
   113 | D        | Learned a level 3 spell: Dazzling Flash
   114 | D        | Noticed Menkaure
   117 | D        | Learned a level 3 spell: Tukima's Dance
   118 | D        | HP: 1/40 [Menkaure/nerve-wracking pain (10)]
   121 | D        | Reached skill level 5 in Short Blades
   133 | D        | Killed Menkaure
   442 | D        | Noticed a shining eye
   442 | D        | Noticed an oklob plant
   443 | D        | Found Tiziol's Book Shoppe.
   489 | D        | Bought a slimy robe for 165 gold pieces
   489 | D        | Identified the +1 robe of Ciynio {+Blink rElec} (You bought
                  | it in a shop in the Dungeon)
   514 | D        | Bought a potion of invisibility for 104 gold pieces
   514 | D        | Bought a potion of degeneration for 13 gold pieces
   531 | D        | Bought a sheer robe for 148 gold pieces
   531 | D        | Identified the +1 robe of the Journeyman {rPois rC- rN+
                  | Stlth+} (You bought it in a shop in the Dungeon)
   614 | D        | Found a glowing golden altar of the Shining One.
   614 | D        | Found an ornate altar of the Wu Jian Council.
   617 | D        | Found a shimmering altar of Xom.
   617 | D        | Found a sacrificial altar of Ru.
   618 | D        | Found a basalt altar of Yredelemnul.
   618 | D        | Found a shimmering blue altar of Sif Muna.
   618 | D        | Found a stormy altar of Qazlal.
   618 | D        | Found a viscous altar of Jiyva.
   619 | D        | Found a glowing silver altar of Zin.
   619 | D        | Found a bloodstained altar of Trog.
   619 | D        | Found an ancient bone altar of Kikubaaqudgha.
   620 | D        | Found a hide-covered altar of Uskayaw.
   620 | D        | Found a corrupted altar of Lugonu.
   620 | D        | Found a shadowy altar of Dithmenos.
   622 | D        | Found a radiant altar of Vehumet.
   622 | D        | Found a burning altar of Makhleb.
   622 | D        | Found a white marble altar of Elyvilon.
   623 | D        | Found a sparkling altar of Nemelex Xobeh.
   623 | D        | Found a blossoming altar of Fedhas.
   624 | D        | Found an iron altar of Okawaru.
   624 | D        | Found an opulent altar of Gozag.
   625 | D        | Noticed a yaktaur
   625 | D        | Noticed a hornet
   625 | D        | Noticed a polar bear
   625 | D        | Noticed a polar bear
   633 | D        | Noticed a polar bear
   643 | D        | Killed a polar bear
   656 | D        | Killed a polar bear
   658 | D        | Killed a yaktaur
   659 | D        | Reached skill level 5 in Fighting
   661 | D        | Slain by a hornet

Illustrated notes

Levels and vault maps discovered:
D:        the_violet_keep_of_menkaure [sprint2_stairs_cluster_1,
          sprint2_shoproom, sprint2_temple, sprint2_basic_supplies,
          sprint2_obstacle_1, sprint2_obstacle_5, sprint2_obstacle_3,
          sprint2_obstacle_4, sprint2_obstacle_6, sprint2_timed_cluster_1,
          sprint2_smallroom_cluster_1, sprint2_smallroom_final_cluster_1,
          sprint2_transparent_cluster_1, sprint2_second_timed_cluster_1,
          sprint2_sniper_area_1, sprint2_heavy_combat_area_1,
          sprint2_mutation_trap_area_1, sprint2_forest_area_1,
          sprint2_light_combat_area_1, sprint2_behind_water_1,
          sprint2_near_end_vault_1]

Skill      XL: |  1  2  3  4  5  6  7  8 |
---------------+-------------------------+-----
Stealth        | 9 11 12 14 16 | 16.3
Spellcasting   | 5 6 7 8 9 10 11 | 11.8
Hexes          | 5 6 7 8 10 11 12 | 12.0
Fighting       | 1 3 5 |  5.0
Short Blades   | 2 4 6 |  6.7
Dodging        | 4 6 8 |  8.5

Action                   |  1- 3 |  4- 6 |  7- 9 || total
-------------------------+-------+-------+-------++-------
Melee: Dagger            |     2 |     7 |    38 ||    47
 Cast: Confusing Touch   |       |       |     2 ||     2
       Ensorcelled Hiber |       |       |     2 ||     2
  Use: Potion            |     2 |       |     3 ||     5
 Stab: Sleeping          |     2 |     6 |     3 ||    11
       Invisible         |       |     1 |     5 ||     6
Armor: Robe              |       |       |     1 ||     1
Dodge: Dodged            |       |     2 |    36 ||    38
